 Dungeon Crawl Stone Soup version 0.30.0-19-g36f170ea60 (webtiles) character file.

Game seed: 15991976465509483881

3951 olmar the Grappler (level 10, -1/141 HPs)
             Began as a Troll Monk on May 28, 2023.
             Was an Initiate of Gozag.
             Slain by a killer bee (2 damage)
             ... on level 8 of the Dungeon.
             The game lasted 00:06:49 (6221 turns).

olmar the Grappler (Troll Monk)                     Turns: 6221, Time: 00:06:50

Health: -1/141     AC:  8    Str: 25    XL:     10   Next: 2%
Magic:  9/9        EV: 11    Int:  6    God:    Gozag
Gold:   306        SH:  0    Dex: 12    Spells: 9/9 levels left

rFire   . .          .
                       - Unarmed
rCold   . . .        c - orb {light}
rNeg    . . .        E - +0 steam dragon scales
rPois   .            (helmet restricted)
rElec   .            B - +0 cloak
rCorr   +            (gloves unavailable)
SInv    .            (boots unavailable)
Will    .....        G - amulet of regeneration Stlth
                     r - ring of resist corrosion
HPRegen 2.03/turn    (no ring)
MPRegen 0.11/turn

%: no passive effects
@: berserking, lethally poisoned (-1 -> -4), glowing, very quick
A: large, unfitting armour, claws 3, regeneration 1, shaggy fur 1, tough skin 1
a: Renounce Religion, Potion Petition, Call Merchant, Bribe Branch


You were on level 8 of the Dungeon.
You worshipped Gozag.
Gozag was aware of your devotion.
You visited 2 branches of the dungeon, and saw 10 of its levels.

You collected 426 gold pieces.
You spent 120 gold pieces at shops.

Inventory:

Hand Weapons
 A - a +4 quarterstaff of chaos
Missiles
 d - 25 poisoned darts (quivered)
 F - a throwing net
Armour
 a - a +1 robe
 c - an orb of light (worn)
 s - an orb of energy
 B - a +0 cloak (worn)
 E - +0 steam dragon scales (worn)
Jewellery
 n - a ring of fire
 o - an amulet of magic regeneration
 r - a ring of resist corrosion (left claw)
 G - an amulet of regeneration (around neck)
Wands
 w - a wand of flame (28)
 y - a wand of polymorph (16)
 D - a wand of paralysis (1)
 H - a wand of digging (7)
Scrolls
 e - 2 scrolls of immolation {unknown}
 g - 3 scrolls of enchant armour
 h - 3 scrolls of magic mapping {unknown}
 j - 4 scrolls of teleportation
 k - a scroll of poison
 l - 4 scrolls of noise
 u - 2 scrolls of amnesia {unknown}
 v - 2 scrolls of vulnerability
 x - 2 scrolls of identify
 C - a scroll of brand weapon {unknown}
Potions
 b - 2 potions of ambrosia
 i - 4 potions of flight
 m - a potion of berserk rage
 p - 4 potions of heal wounds {unknown}
 q - 2 potions of might {unknown}
 t - 4 potions of degeneration {unknown}
 z - a potion of haste {unknown}
 I - a potion of resistance {unknown}


   Skills:
 + Level 4.8 Fighting
 + Level 0.9 Throwing
 + Level 5.7 Dodging
 + Level 1.6 Stealth
 + Level 11.9 Unarmed Combat


You had 9 spell levels left.
You didn't know any spells.
Your spell library contained the following spells:

 Spells                   Type           Power      Damage    Failure   Level
 Blink                    Tloc           0%         N/A       58%         2
 Lesser Beckoning         Tloc           0%         N/A       58%         2
 Momentum Strike          Conj/Tloc      0%         3d8       58%         2
 Gell's Gravitas          Tloc           0%         N/A       83%         3
 Hailstorm                Conj/Ice       0%         3d3       83%         3
 Teleport Other           Tloc           0%         N/A       83%         3
 Ice Form                 Ice/Tmut       0%         N/A       99%         4
 Simulacrum               Ice/Necr       Unusable   N/A       N/A         6

Dungeon Overview and Level Annotations

Branches:
Dungeon (9/15)             Temple (1/1) D:7
   Lair: D:8-11         Orc: D:9-12

Altars:
Ashenzari
Cheibriados
Dithmenos
Elyvilon
Fedhas
Gozag
Hepliaklqana
Kikubaaqudgha
Makhleb
Qazlal
Sif Muna
Trog
Uskayaw
Vehumet
Wu Jian
Xom
Yredelemnul
Zin
The Shining One

Shops:
D:5 ?   D:6 [

Portals:
Abyss: D:4

Annotations:
D:4 2 transporters, AlmostDecent's ghost, novice GrEE


Innate Abilities, Weirdness & Mutations

You are too large for most types of armour.
You have claws for hands.
Your natural rate of healing is unusually fast.
You are covered in fur. (AC +1)
You have tough skin. (AC +1)


Message History

You are poisoned.
The killer bee poisons you! The killer bee completely misses you.
The killer bee stings you.
* * * LOW HITPOINT WARNING * * *
The killer bee stings you.
* * * LOW HITPOINT WARNING * * *
You are more poisoned.
The killer bee poisons you! The killer bee closely misses you.
The yak barely misses you. The yak gores you.
* * * LOW HITPOINT WARNING * * *
A red film seems to cover your vision as you go berserk!
You feel yourself moving faster!
You feel mighty!
You feel very sick. The killer bee closely misses you. x2
The killer bee stings you but does no damage.
The killer bee closely misses you. x2; The killer bee stings you.
* * * LOW HITPOINT WARNING * * *
The yak gores you!
* * * LOW HITPOINT WARNING * * *
The yak misses you.
Unknown command.
You miss the killer bee.
You feel sick. The killer bee misses you.
The killer bee stings you but does no damage.
The killer bee stings you.
* * * LOW HITPOINT WARNING * * *
Unknown command.
You closely miss the killer bee.
You feel sick. The killer bee closely misses you. The killer bee stings you.
* * * LOW HITPOINT WARNING * * *
The killer bee stings you!
* * * LOW HITPOINT WARNING * * *
You are more poisoned.
The killer bee poisons you! The yak gores you but does no damage.
The yak gores you.
* * * LOW HITPOINT WARNING * * *
You closely miss the killer bee.
* * * LOW HITPOINT WARNING * * *
You feel sick. The killer bee stings you.
You die...
Your body crumbles into a pile of gold.

#.......##.###...#####
#.....>.....#.......#.
###......#...........#.
###..........######.#....
#............#####..####.
#............#.##...# #.
##.......###.....##.######
#.......Yy#..........#.###
#......yy@y...............
######.###Y#...........##.
#...####..#.........#.
##...##...#...........
###.##...............
##.....#.#...##......
#.....##.............
##...##.......###....
##...#.......###..#.


You could see 2 yaks and 4 killer bees.

Vanquished Creatures
  Pikel (D:3)
  2 unseen horror zombies (D:7)
  A yak (D:8)
  Eustachio (D:5)
  A steam dragon (D:8)
  A water moccasin (D:6)
  2 black bears
  3 ogres
  A centaur (D:5)
  2 lemures (D:3)
  3 kobold brigands (D:8)
  2 necrophages (D:7)
  2 gnoll sergeants (D:8)
  2 scorpions
  9 wights
  3 killer bees (D:8)
  2 howler monkeys (D:7)
  A bullfrog zombie (D:7)
  A human zombie (D:7)
  A hound (D:5)
  2 jellies
  2 orc priests (D:7)
  4 iguanas
  3 orc wizards
  3 mummies (D:7)
  A howler monkey zombie (D:7)
  6 gnolls (D:8)
  10 adders
  A shadow imp (D:5)
  A white imp (D:7)
  2 ufetubi (D:6)
  3 dart slugs
  10 orcs
  An endoplasm (D:2)
  5 giant cockroaches
  5 goblins
  9 hobgoblins
  7 jackals
  2 quokkas
  8 ball pythons
  3 bats
  5 frilled lizards
  21 kobolds
  3 rats
158 creatures vanquished.

Vanquished Creatures (others)
  A gnoll (D:8)
1 creature vanquished.

Grand Total: 159 creatures vanquished

Notes
Turn   | Place    | Note
-------+----------+-------------------------------------------
     0 | D:1      | olmar the Troll Monk began the quest for the Orb.
     0 | D:1      | Reached XP level 1. HP: 22/22 MP: 0/0
    58 | D:1      | Found a faded altar of an unknown god.
   252 | D:1      | Reached XP level 2. HP: 29/29 MP: 1/1
   615 | D:2      | Reached XP level 3. HP: 36/36 MP: 2/2
  1227 | D:3      | Reached skill level 4 in Unarmed Combat
  1228 | D:3      | Reached XP level 4. HP: 38/44 MP: 3/3
  1266 | D:3      | Noticed a black bear
  1271 | D:3      | Killed a black bear
  1272 | D:3      | Reached XP level 5. HP: 46/53 MP: 4/4
  1736 | D:4      | Noticed a lemure
  1739 | D:4      | Noticed Pikel
  1740 | D:4      | Reached skill level 5 in Unarmed Combat
  1748 | D:3      | Killed a lemure
  1792 | D:4      | Noticed a lemure
  1795 | D:4      | Noticed a lemure
  1797 | D:4      | Noticed a lemure
  1812 | D:3      | Killed a lemure
  1828 | D:3      | Killed Pikel
  1829 | D:3      | Reached skill level 7 in Unarmed Combat
  1829 | D:3      | Reached XP level 6. HP: 11/61 MP: 5/5
  1829 | D:3      | Reached XP level 7. HP: 12/67 MP: 6/6
  2109 | D:4      | Noticed a small abomination
  2131 | D:4      | Found a transporter.
  2137 | D:4      | Found a transporter.
  2183 | D:4      | Found a one-way gate to the infinite horrors of the Abyss.
  2183 | D:4      | Noticed AlmostDecent's ghost (novice GrEE)
  2384 | D:5      | Entered Level 5 of the Dungeon
  2547 | D:5      | Noticed Eustachio
  2560 | D:5      | Killed Eustachio
  2561 | D:5      | Reached skill level 8 in Unarmed Combat
  2561 | D:5      | Reached XP level 8. HP: 40/76 MP: 7/7
  2986 | D:5      | Found Neluryle's Magic Scroll Shop.
  3091 | D:5      | Bought a scroll of noise for 15 gold pieces
  3091 | D:5      | Bought a scroll of teleportation for 45 gold pieces
  3091 | D:5      | Bought a scroll of vulnerability for 60 gold pieces
  3249 | D:6      | Reached skill level 1 in Stealth
  3397 | D:6      | Found a blossoming altar of Fedhas.
  3412 | D:6      | Identified the +0 robe "Vaezal" {rC+}
  3684 | D:6      | Reached skill level 9 in Unarmed Combat
  3726 | D:6      | Found Weivier's Armour Emporium.
  3782 | D:6      | Found an ancient bone altar of Kikubaaqudgha.
  4070 | D:6      | Found a runed translucent door.
  4071 | D:6      | Noticed Crazy Yiuf
  4295 | D:6      | Crazy Yiuf changed into Crazy Yiuf the jackal
  4295 | D:6      | Noticed Crazy Yiuf
  4296 | D:6      | Killed Crazy Yiuf the jackal
  4486 | D:7      | Found a staircase to the Ecumenical Temple.
  4580 | D:7      | Reached skill level 5 in Dodging
  4583 | D:7      | Reached XP level 9. HP: 83/84 MP: 8/8
  4950 | D:7      | Reached skill level 10 in Unarmed Combat
  5029 | D:7      | Found a basalt altar of Yredelemnul.
  5254 | Temple   | Entered the Ecumenical Temple
  5459 | D:8      | Reached skill level 11 in Unarmed Combat
  5715 | D:8      | Found an opulent altar of Gozag.
  5781 | D:8      | Became a worshipper of Gozag Ym Sagoz the Greedy
  5803 | D:8      | Found a burning altar of Makhleb.
  6067 | D:8      | Found a shimmering blue altar of Sif Muna.
  6176 | D:8      | Reached XP level 10. HP: 50/94 MP: 9/9
  6220 | D:8      | HP: 6/141 [killer bee (7)]
  6220 | D:8      | HP: 2/141 [yak (4)]
  6221 | D:8      | Slain by a killer bee

Illustrated notes

Levels and vault maps discovered:
D:1:      tarquinn_simple_flora_water_a, layout_basic,
          chequers_ecumenical_altar_island
D:2:      layout_loops_ring
D:3:      minmay_general_purpose_star, layout_basic, serial_bayou_lake_a
D:4:      layout_basic, gammafunk_ghost_abyssal_escape, uniq_pikel
D:5:      layout_loops_ring, serial_shops, shop, minmay_misc_feat_diagonals,
          uniq_eustachio
D:6:      layout_loops_corners, kiku_gazebo_garden_becter, fedhas_altar_3,
          serial_shops, nicolae_square_shop, uniq_crazy_yiuf_cottage
D:7:      layout_cave_pods, lemuel_mausoleum_altar_yredelemnul,
          minmay_temple_entry_water_ring, corexii_leaking_fountain
D:8:      layout_cave_pools, bloody_makhleb, grunt_gozag_statues,
          kennysheep_mini_moat
D:9:      layout_roguey, kennysheep_mini, nemelex_altar_shiori, serial_shops,
          shop
Temple:   dshaligram_water_room_temple

Skill      XL: |  1  2  3  4  5  6  7  8  9 |
---------------+----------------------------+-----
Unarmed Combat | 4 7 8 9 11 | 11.9
Fighting       | 3 4 |  4.8
Dodging        | 3 4 5 |  5.7
Stealth        | 1 |  1.6
Throwing       | |  0.9

Action                     |  1- 3 |  4- 6 |  7- 9 | 10-12 || total
---------------------------+-------+-------+-------+-------++-------
  Melee: Unarmed           |    73 |    57 |   247 |     3 ||   380
  Throw: Dart              |       |       |     3 |       ||     3
  Evoke: Wand              |       |       |     1 |     1 ||     2
    Use: Scroll            |     1 |     3 |     2 |       ||     6
         Potion            |       |       |       |     2 ||     2
 Armour: Robe              |    30 |    19 |    44 |       ||    93
         Steam dragon scal |       |       |    19 |     7 ||    26
  Dodge: Dodged            |    34 |    16 |   128 |    26 ||   204
